Map: Newkirk Precinct TE (Void)

Players

Railgan

  • Race: Zerg Zerg
  • League: Grandmaster
  • Spawn Location: 5:00

lllIIIlllIII - Winner!

  • Race: Protoss Protoss
  • Spawn Location: 7:00

VOD

Have the link to the VOD?

Description

Time

  • Played on: March 19, 2017, 4:38 p.m.
  • Length: 8:57
Show
View Real Time Build Order
Export as new Build Order

Railgan Zerg 

Build Orders: Hatch First, Swarm Host 

Get SALT Encoding   

  12  0:01  Drone  
  13  0:13  Overlord  
  13  0:18  Drone  
  14  0:32  Drone x2  
  14  0:35  Drone  
  17  0:54  Drone  
  17  0:56  Drone  
  19  1:05  Hatchery  
  19  1:08  Extractor  
  17  1:18  Spawning Pool  
  17  1:20  Drone  
  17  1:23  Drone  
  18  1:28  Drone  
  19  1:40  Drone  
  20  1:50  Overlord  
  20  2:05  Queen  
  22  2:09  Zergling x2  
  22  2:13  Drone  
  24  2:17  Queen  
  24  2:18  Drone  
  24  2:19  Metabolic Boost  
  27  2:26  Drone  
  27  2:29  Drone  
  29  2:33  Drone  
  30  2:39  Drone  
  31  2:48  Hatchery  
  30  2:56  Drone  
  30  2:57  Evolution Chamber  
  30  2:58  Overlord  
  30  3:03  Zergling x2  
  30  3:04  Zergling x2  
  31  3:12  Zergling x2  
  32  3:15  Drone  
  32  3:19  Zergling x2  
  34  3:21  Overlord  
  34  3:22  Drone x2  
  36  3:33  Drone x2  
  37  3:35  Zerg Melee Weapons Level 1  
  37  3:38  Drone  
  38  3:43  Lair  
  38  3:46  Drone  
  38  3:47  Drone  
  40  3:50  Drone  
  40  3:52  Drone  
  42  4:03  Drone x5  
  42  4:09  Queen  
  49  4:13  Drone  
  49  4:15  Drone, Zergling x2  
  52  4:25  Drone  
  52  4:26  Zergling x4  
  54  4:36  Drone x6  
  54  4:38  Overlord  
  57  4:40  Extractor  
  57  4:42  Extractor, Zergling x4  
  57  4:43  Zergling x2  
  57  4:44  Overlord  
  58  4:50  Overlord  
  58  4:51  Baneling Nest, Zergling x2  
  58  4:56  Overlord  
  58  4:59  Zergling x6  
  61  5:04  Zergling x2  
  61  5:09  Zergling x10  
  66  5:17  Zergling x2  
  66  5:19  Zergling x2  
  57  5:23  Zergling x6  
  56  5:32  Drone x3  
  56  5:33  Drone x2, Zerg Melee Weapons Level 2  
  60  5:35  Drone x2  
  60  5:40  Drone x4  
  65  5:43  Drone x2  
  65  5:44  Drone  
  65  5:45  Drone  
  70  5:50  Drone  
  70  5:52  Infestation Pit  
  70  5:56  Overlord  
  70  5:57  Drone  
  70  6:01  Overlord  
  70  6:02  Drone  
  70  6:05  Drone, Zergling x2  
  70  6:10  Drone  
  70  6:11  Drone  
  72  6:19  Queen x2  
  72  6:20  Queen  
  72  6:24  Drone x3  
  79  6:31  Drone  
  79  6:32  Drone x2  
  80  6:38  Overlord  
  80  6:40  Zergling x2  
  80  6:41  Overlord  
  80  6:43  Extractor  
  80  6:44  Swarm Host x3  
  80  6:45  Extractor  
  87  6:52  Drone x4  
  88  6:55  Zergling x4  
  88  6:56  Overlord, Centrifical Hooks  
  90  7:01  Swarm Host  
  90  7:05  Swarm Host  
  96  7:09  Baneling x3  
  96  7:14  Overlord x2  
  96  7:16  Overlord  
  96  7:21  Overlord, Swarm Host  
  99  7:26  Zergling x2  
  99  7:27  Zergling x4  
  99  7:28  Baneling x4  
  99  7:29  Baneling  
  101  7:32  Zergling x14  
  101  7:46  Baneling  
  101  7:47  Baneling x3  
  101  7:48  Zergling x12  
  95  7:58  Zergling x2  
  95  7:59  Zergling x4  
  95  8:02  Swarm Host x3  
  95  8:04  Zergling x2  
  95  8:05  Zergling x4  
  109  8:08  Baneling x3  
  108  8:15  Zergling x6  
  108  8:19  Queen  
Show
View Real Time Build Order
Export as new Build Order

lllIIIlllIII Protoss - Winner!

Build Orders: 1 Gate Expand 

Get SALT Encoding   

  12  0:01  Probe (Chrono Boost)  
  13  0:11  Probe (Chrono Boost)  
  14  0:18  Pylon  
  14  0:22  Probe (Chrono Boost)  
  15  0:36  Probe (Chrono Boost)  
  15  0:39  Gateway  
  16  0:46  Probe (Chrono Boost)  
  17  0:58  Probe (Chrono Boost)  
  18  1:04  Assimilator  
  18  1:08  Probe (Chrono Boost)  
  19  1:24  Nexus  
  19  1:26  Probe (Chrono Boost)  
  20  1:37  Cybernetics Core  
  20  1:39  Probe (Chrono Boost)  
  21  1:47  Assimilator  
  21  1:50  Probe (Chrono Boost)  
  22  1:55  Pylon  
  22  2:00  Probe (Chrono Boost)  
  23  2:10  Adept  
  23  2:15  Warp Gate, Probe (Chrono Boost)  
  26  2:27  Probe (Chrono Boost)  
  27  2:31  Twilight Council  
  27  2:36  Probe (Chrono Boost)  
  28  2:39  Probe (Chrono Boost), Stalker  
  31  2:47  Probe (Chrono Boost)  
  33  2:52  Probe (Chrono Boost)  
  33  2:57  Probe (Chrono Boost), Resonating Glaives  
  33  3:04  Probe (Chrono Boost)  
  34  3:08  Probe (Chrono Boost)  
  34  3:09  Adept  
  37  3:16  Probe (Chrono Boost)  
  37  3:18  Probe (Chrono Boost)  
  40  3:28  Probe (Chrono Boost)  
  40  3:29  Mothership Core (Chrono Boost)  
  40  3:34  Gateway  
  40  3:35  Gateway  
  40  3:37  Pylon  
  40  3:39  Adept  
  42  3:46  Probe (Chrono Boost)  
  44  3:48  Probe (Chrono Boost)  
  44  3:54  Pylon  
  44  3:58  Probe (Chrono Boost)  
  44  4:00  Pylon  
  44  4:02  Probe (Chrono Boost)  
  46  4:05  Robotics Facility  
  46  4:09  Assimilator  
  47  4:11  Probe (Chrono Boost)  
  47  4:16  Probe (Chrono Boost)  
  48  4:19  Adept  
  49  4:27  Probe (Chrono Boost)  
  49  4:28  Probe (Chrono Boost)  
  48  4:39  Adept  
  48  4:40  Adept x2  
  56  4:49  Warp Prism  
  56  5:01  Nexus  
  56  5:03  Pylon  
  56  5:20  Immortal  
  52  5:23  Probe x2 (Chrono Boost)  
  50  5:37  Adept x2  
  50  5:38  Adept  
  50  5:42  Pylon  
  56  5:50  Gateway  
  56  5:51  Gateway  
  56  5:54  Gateway  
  56  5:55  Gateway  
  56  5:58  Gateway  
  56  6:01  Sentry x3  
  62  6:06  Immortal  
  66  6:34  Sentry x3  
  72  6:43  Observer  
  73  6:56  Pylon  
  73  6:58  Pylon  
  73  6:59  Probe (Chrono Boost)  
  73  7:00  Probe x2 (Chrono Boost)  
  76  7:02  Adept  
  76  7:05  Adept x5  
  76  7:06  Adept x2  
  92  7:17  Pylon  
  92  7:18  Pylon  
  92  7:26  Adept x2  
  92  7:27  Adept x5  
  92  7:28  Adept  
  106  7:50  Adept x6  
  106  7:51  Adept  
  84  8:20  Adept x7  
  84  8:21  Adept  
  94  8:42  Adept  
  94  8:43  Adept x7  
Tags
 
Add a new tag
Caveats
  • Supply blocks, unpowered buildings, or Contaminate may cause inaccurate times.
  • Supply counts are checked every 10 seconds.